 Dungeon Crawl Stone Soup version 0.30-a0-883-g5ad918d77d (webtiles) character file.

Game seed: 7865565421331670040

8817 112233 the Thaumaturge (level 11, -14/59 (63) HPs)
             Began as a Deep Elf Earth Elementalist on Mar 15, 2023.
             Was a Priest of Vehumet.
             Demolished by Harold
             ... wielding a +0 long sword
              (19 damage)
             ... on level 10 of the Dungeon.
             The game lasted 00:14:39 (9396 turns).

112233 the Thaumaturge (DEEE)                       Turns: 9396, Time: 00:14:40

HP:   -14/59 (63)   AC:  5    Str:  5    XL:     11   Next: 14%
MP:   16/40         EV:  8    Int: 25    God:    Vehumet [***...]
Gold: 635           SH:  0    Dex: 15    Spells: 22/38 levels left

rFire   . . .      SeeInvis .    (no weapon)
rCold   . . .      Faith    .    (no shield)
rNeg    . . .      Spirit   .    a - +0 robe
rPois   .          Reflect  .    (no helmet)
rElec   .          Rampage  .    m - +0 cloak
rCorr   .                        v - +0 pair of gloves
Will    +....                    l - +0 pair of boots
Stlth   ++                       c - amulet of magic regeneration
HPRegen 0.29/turn                g - ring of magical power
MPRegen 0.67/turn                (no ring)

@: marked, held, drained
A: no striking features
a: Renounce Religion


You were on level 10 of the Dungeon.
You worshipped Vehumet.
Vehumet was most pleased with you.
You visited 2 branches of the dungeon, and saw 11 of its levels.

You collected 635 gold pieces.

Inventory:

Hand Weapons
 p - a +1 dagger of electrocution
 w - a +1 spear of freezing
Missiles
 A - 3 throwing nets
Armour
 a - a +0 robe (worn)
 l - a +0 pair of boots (worn)
 m - a +0 cloak (worn)
 v - a +0 pair of gloves (worn)
 D - a +0 kite shield
Magical Staves
 B - a staff of air
Jewellery
 c - an amulet of magic regeneration (around neck)
 f - a ring of fire
 g - a ring of magical power (left hand)
 x - an amulet of the acrobat
Wands
 i - a wand of mindburst (19)
 G - a wand of digging (5)
 I - a wand of iceblast (2)
 J - a wand of light (6)
Scrolls
 d - 2 scrolls of enchant weapon
 j - a scroll of noise
 n - a scroll of blinking {unknown}
 o - 3 scrolls of amnesia
 r - a scroll of enchant armour {unknown}
 u - 3 scrolls of vulnerability {unknown}
 y - 2 scrolls of torment {unknown}
 z - 2 scrolls of fog {unknown}
 E - 2 scrolls of fear
 F - a scroll of summoning {unknown}
 H - a scroll of teleportation
 L - a scroll of identify
Potions
 b - a potion of magic
 e - 3 potions of curing
 h - 2 potions of invisibility {unknown}
 k - 2 potions of flight
 q - 5 potions of heal wounds
 s - 2 potions of might {unknown}
 t - 5 potions of mutation {unknown}
 C - 2 potions of degeneration {unknown}
 K - a potion of ambrosia {unknown}
 M - a potion of berserk rage {unknown}


   Skills:
 + Level 5.1 Fighting
 + Level 7.9 Dodging
 - Level 2.5 Stealth
 + Level 14.3 Spellcasting
 - Level 1.2 Transmutations
 + Level 11.6 Earth Magic


You had 22 spell levels left.
You knew the following spells:

 Your Spells              Type           Power      Damage    Failure   Level
a - Sandblast             Erth           100%       2d20      1%          1
b - Stone Arrow           Conj/Erth      94%        3d12      1%          3
c - Passwall              Tmut/Erth      41%        N/A       1%          2
d - Lee's Rapid Deconstr  Erth           33%        3d17*     1%          5
e - Apportation           Tloc           34%        N/A       3%          1
f - Petrify               Tmut/Erth      50%        N/A       2%          4

Your spell library contained the following spells:

 Spells                   Type           Power      Damage    Failure   Level
 Frozen Ramparts          Ice            34%        1d6       2%          3
 Shock                    Conj/Air       68%        1d7       1%          1
 Necrotise                Necr           68%        1d7       3%          1
 Summon Small Mammal      Summ           68%        N/A       3%          1
 Tukima's Dance           Hex            17%        N/A       10%         3
 Vampiric Draining        Necr           17%        2d7       10%         3
 Vhi's Electric Charge    Tloc/Air       34%        N/A       10%         3
 Irradiate                Conj/Tmut      10%        3d15      17%         5
 Yara's Violent Unravell  Hex/Tmut       10%        3d6       17%         5
 Arcjolt                  Conj/Air       8%         1d18      22%         5
 Passage of Golubria      Tloc           17%        N/A       32%         4
 Agony                    Necr           17%        N/A       65%         5
 Maxwell's Capacitive Co  Air            8%         ∞         100%        8


Dungeon Overview and Level Annotations

Branches:
Dungeon (10/15)            Temple (1/1) D:5            Lair (0/5) D:9
    Orc: D:9-12

Altars:
Ashenzari
Cheibriados
Dithmenos
Elyvilon
Fedhas
Gozag
Hepliaklqana
Kikubaaqudgha
Makhleb
Nemelex Xobeh
Okawaru
Qazlal
Ru
Sif Muna
Trog
Uskayaw
Vehumet
Wu Jian
Xom
Yredelemnul
Zin
The Shining One

Shops:
D:1 (   D:2 *

Annotations:
D:7 2 runed translucent doors, Joseph
D:10 Harold, Urug


Message History

Harold is heavily wounded.
The bolt of light hits Urug!
Urug is almost dead.
Urug is no longer petrified.
Urug throws a javelin.
The javelin completely misses Harold.
The javelin pierces through you. Harold casts a spell at you.
A sentinel's mark forms upon you.
Unknown command.
Unknown command.
Casting: Stone Arrow (safe; 1% risk of failure)
Confirm with . or Enter, or press ? or * to list all spells.
Aiming: Stone Arrow (safe; 1% risk of failure)
Press: ? - help, Shift-Dir - straight line, f/p - Urug
Aim: Urug, wielding a +1 eveningstar of draining, wearing a +0 ring mail and quivering javelins (almost dead, blind, 70% to hit)
The stone arrow hits Harold!!
Harold is almost dead.
Harold hits you with a +0 long sword!
Unknown command.
Unknown command.
Casting: Stone Arrow (safe; 1% risk of failure)
Confirm with . or Enter, or press ? or * to list all spells.
Aiming: Stone Arrow (safe; 1% risk of failure)
Press: ? - help, Shift-Dir - straight line, f/p - Urug
Aim: Urug, wielding a +1 eveningstar of draining, wearing a +0 ring mail and quivering javelins (almost dead, blind, 70% to hit)
The stone arrow hits Harold!
Harold is almost dead.
Harold hits you with a +0 long sword!
Casting: Stone Arrow (safe; 1% risk of failure)
Confirm with . or Enter, or press ? or * to list all spells.
Aiming: Stone Arrow (safe; 1% risk of failure)
Press: ? - help, Shift-Dir - straight line, f/p - Urug
Aim: Urug, wielding a +1 eveningstar of draining, wearing a +0 ring mail and quivering javelins (almost dead, blind, 70% to hit)
The stone arrow misses Urug.
Urug is no longer blind.
Urug hits you with a +1 eveningstar of draining!!
Ouch! That really hurt!
* * * LOW HITPOINT WARNING * * *
You feel drained.
* * * LOW HITPOINT WARNING * * *
Harold hits you with a +0 long sword!!
You die...

.........#######
....#'####.....##
....#....#......#
....+....#......#
....#....+......# .
....###'#####'########..
........................
.................o......
................@@......
........................
........................
........................
.........(..............
##############+########


You could see Harold (blind) and Urug.

Vanquished Creatures
  A two-headed ogre (D:10)
  An ugly thing (D:9)
  A troll (D:9)
  Grinder (D:5)
  A hornet (D:9)
  2 wraiths
  A shadow (D:9)
  18 yaks
  A wyvern (D:9)
  A steam dragon (D:8)
  2 acid dragons
  2 water moccasins
  3 orc warriors
  3 black bears
  A sky beast (D:7)
  2 ice beasts
  An ogre (D:8)
  3 centaurs
  2 phantoms
  2 kobold brigands
  3 bullfrogs
  Blork the orc (D:5)
  2 gnoll sergeants (D:7)
  2 scorpions (D:6)
  A killer bee (D:9)
  8 howler monkeys
  3 jellies
  6 orc priests
  2 hounds
  4 gnoll boudas
  4 iguanas
  9 orc wizards
  A mummy (D:4)
  6 adders
  29 gnolls
  A shadow imp (D:6)
  A white imp (D:7)
  3 worms (D:3)
  A dart slug (D:2)
  37 orcs
  8 ball pythons
  5 bats
  9 endoplasms
  2 giant cockroaches
  7 goblins
  2 hobgoblins (D:1)
  2 jackals (D:2)
  4 quokkas
  3 frilled lizards
  2 hobgoblin zombies (D:4)
  15 kobolds
  2 kobold zombies (D:4)
  14 rats
248 creatures vanquished.

Vanquished Creatures (others)
  3 fungi (D:9)
  3 plants (D:9)
6 creatures vanquished.

Grand Total: 254 creatures vanquished

Notes
Turn   | Place    | Note
-------+----------+-------------------------------------------
     0 | D:1      | 112233 the Deep Elf Earth Elementalist began the quest for
                  | the Orb.
     0 | D:1      | Reached XP level 1. HP: 10/10 MP: 6/6
    25 | D:1      | Found Cellecvi's Antique Weapon Shoppe.
   191 | D:1      | Reached XP level 2. HP: 12/15 MP: 6/8
   274 | D:1      | Reached skill level 4 in Spellcasting
   600 | D:2      | Reached XP level 3. HP: 19/19 MP: 11/11
   638 | D:2      | Reached skill level 5 in Spellcasting
   749 | D:2      | Reached XP level 4. HP: 13/24 MP: 10/13
   838 | D:2      | Learned a level 3 spell: Stone Arrow
   841 | D:2      | Learned a level 2 spell: Passwall
   946 | D:2      | Found Faherip's Assorted Antiques.
  1171 | D:3      | Got Mynaqih's Folio of the Wild Anticline
  1299 | D:3      | Reached skill level 6 in Spellcasting
  1594 | D:3      | Reached XP level 5. HP: 25/28 MP: 13/15
  1816 | D:4      | Noticed a black bear
  1821 | D:4      | Killed a black bear
  1822 | D:4      | Reached skill level 7 in Spellcasting
  1822 | D:4      | Reached skill level 5 in Earth Magic
  1822 | D:4      | Reached XP level 6. HP: 32/32 MP: 9/18
  2565 | D:5      | Entered Level 5 of the Dungeon
  2565 | D:5      | Noticed a +0 dagger
  2565 | D:5      | Noticed a +0 spear
  2565 | D:5      | Noticed a +0 falchion
  2565 | D:5      | Noticed a +0 falchion
  2565 | D:5      | Noticed a +0 short sword
  2565 | D:5      | Noticed a +0 short sword
  2566 | D:5      | Noticed a +0 spear
  2566 | D:5      | Noticed a +0 dagger
  2566 | D:5      | Noticed Grinder
  2571 | D:5      | Killed Grinder
  2572 | D:5      | Reached skill level 8 in Spellcasting
  2572 | D:5      | Reached XP level 7. HP: 36/36 MP: 8/21
  2676 | D:5      | Reached skill level 9 in Spellcasting
  2745 | D:5      | Reached XP level 8. HP: 13/41 MP: 3/23
  2871 | D:5      | Found an ancient bone altar of Kikubaaqudgha.
  3062 | D:5      | Found a basalt altar of Yredelemnul.
  3062 | D:5      | Found a sacrificial altar of Ru.
  3066 | D:5      | Found an ornate altar of the Wu Jian Council.
  3066 | D:5      | Found a glowing silver altar of Zin.
  3075 | D:5      | Reached skill level 10 in Spellcasting
  3202 | D:5      | Found a staircase to the Ecumenical Temple.
  3292 | Temple   | Entered the Ecumenical Temple
  3315 | Temple   | Became a worshipper of Vehumet
  3376 | D:5      | Noticed Blork the orc
  3380 | D:5      | Killed Blork the orc
  3516 | D:5      | Found a hide-covered altar of Uskayaw.
  3620 | D:6      | Reached skill level 11 in Spellcasting
  3764 | D:6      | Found a shimmering altar of Xom.
  4034 | D:6      | Found a snail-covered altar of Cheibriados.
  4294 | D:6      | Reached XP level 9. HP: 45/45 MP: 22/26
  4719 | D:7      | Reached * piety under Vehumet
  4719 | D:7      | Offered knowledge of Freeze by Vehumet.
  4837 | D:7      | Noticed Joseph
  4923 | D:7      | Learned a level 5 spell: Lee's Rapid Deconstruction
  4925 | D:7      | Learned a level 1 spell: Apportation
  4930 | D:7      | Learned a level 4 spell: Petrify
  4981 | D:7      | Reached skill level 12 in Spellcasting
  5286 | D:7      | Reached skill level 1 in Fighting
  5312 | D:7      | Found a runed translucent door.
  5320 | D:7      | Found a runed translucent door.
  5529 | D:7      | Offered knowledge of Poisonous Vapours by Vehumet.
  5580 | D:7      | Found a shimmering blue altar of Sif Muna.
  5638 | D:7      | Found a sparkling altar of Nemelex Xobeh.
  5720 | D:8      | Reached ** piety under Vehumet
  5882 | D:8      | Reached skill level 10 in Earth Magic
  6064 | D:8      | Reached skill level 5 in Dodging
  6071 | D:8      | Reached XP level 10. HP: 50/56 MP: 3/28
  6155 | D:8      | Reached skill level 13 in Spellcasting
  6189 | D:8      | Found an iron altar of Okawaru.
  7142 | D:9      | Offered knowledge of Dazzling Flash by Vehumet.
  7248 | D:9      | Noticed a red ugly thing
  7613 | D:10     | Entered Level 10 of the Dungeon
  7674 | D:10     | Noticed a two-headed ogre
  7680 | D:10     | Found a blossoming altar of Fedhas.
  7688 | D:10     | Killed a two-headed ogre
  7766 | D:10     | Reached *** piety under Vehumet
  8304 | D:9      | Found a staircase to the Lair.
  8355 | D:9      | Killed a red ugly thing
  8488 | D:9      | Reached skill level 14 in Spellcasting
  9006 | D:9      | Reached XP level 11. HP: 62/62 MP: 31/31
  9189 | D:10     | Reached skill level 5 in Fighting
  9192 | D:10     | Offered knowledge of Frozen Ramparts by Vehumet.
  9379 | D:10     | Noticed Urug
  9383 | D:10     | Noticed Harold
  9396 | D:10     | Demolished by Harold

Illustrated notes

Levels and vault maps discovered:
D:1:      onia_arrival_pyramid, layout_basic, serial_shops, shop, minmay_unequal
D:2:      layout_rooms, serial_shops, nicolae_shop_behind_doors,
          minmay_small_reverse_x
D:3:      layout_basic, chequers_serial_rivers_small_3, reono_crystal_passage,
          kennysheep_orc_chapel
D:4:      layout_gridville, minmay_mini_ossuary
D:5:      layout_basic, lemuel_doored_altar, grunt_temple_overflow_open,
          nicolae_uskayaw_en_pointe, minmay_temple_entry_statues,
          uniq_blork_the_orc, uniq_grinder
D:6:      layout_basic, nicolae_overflow_crystal_walls,
          mainiacjoe_overflow_surrounded_room
D:7:      lemuel_insect_pit, layout_basic, kennysheep_mini,
          mainiacjoe_overflow_alcove_1, uniq_joseph
D:8:      layout_gridville, mainiacjoe_overflow_catwalk, kennysheep_nub,
          chequers_garden, grunt_decor_one_mirror,
          minmay_misc_feat_secret_circle, grunt_ogre_cave, grunt_ministairs_2
D:9:      minmay_razor_zed, layout_loops_corners, dpeg_oklobed_lair
D:10:     layout_gridville, fedhas_ov_isle_minmay, uniq_urug, uniq_harold
Temple:   nicolae_temple_ecumenical_triangle

Skill      XL: |  1  2  3  4  5  6  7  8  9 10 11 |
---------------+----------------------------------+-----
Spellcasting   | 4 5 6 7 8 9 11 12 14 | 14.3
Earth Magic    | 4 5 6 7 9 10 11 | 11.6
Dodging        | 5 7 |  7.9
Fighting       | 3 4 5 |  5.1
Stealth        | |  2.5
Transmutations | |  1.2

Action                     |  1- 3 |  4- 6 |  7- 9 | 10-12 || total
---------------------------+-------+-------+-------+-------++-------
   Cast: Sandblast         |    56 |    75 |    32 |     4 ||   167
         Stone Arrow       |       |     7 |   147 |   133 ||   287
         Petrify           |       |       |       |     3 ||     3
  Evoke: Wand              |       |       |       |     3 ||     3
    Use: Potion            |       |       |     2 |     1 ||     3
         Scroll            |       |       |     6 |     5 ||    11
 Armour: Robe              |     5 |     3 |     6 |     6 ||    20
  Dodge: Dodged            |    18 |    13 |    32 |    41 ||   104

Table legend: (Time is in decaauts)
 A = Elapsed time spent in this place.
 B = Non-inter-level travel time spent in this place.
 C = Inter-level travel time spent in this place.
 D = Time resting spent in this place.
 E = Time spent auto-exploring this place.
 F = Levels seen in this place.
 G = Mean time per level.
                   A        B        C        D        E       F      G
               +--------+--------+--------+--------+--------+-----+--------+
         Total |   9489 |   9052 |    437 |    640 |   7103 |  11 |  862.6 |
       Dungeon |   9456 |   9028 |    428 |    640 |   7090 |  10 |  945.6 |
        Temple |     32 |     23 |      9 |      0 |     13 |   1 |   32.0 |
               +--------+--------+--------+--------+--------+-----+--------+

Top non-repeatable levels by time:
     D:9: 2034 daAuts
     D:7: 1172 daAuts
     D:6: 1131 daAuts
     D:5: 987 daAuts
     D:8: 944 daAuts
     D:4: 780 daAuts
     D:3: 715 daAuts
     D:1: 608 daAuts
    D:10: 553 daAuts
     D:2: 528 daAuts
  Temple: 32 daAuts
